 Dungeon Crawl Stone Soup version 0.31-a0-848-gaac375c287 (webtiles) character file.

Game seed: 2393709001456291857

1148 croobank the Sneak (level 8, -2/63 HPs)
             Began as a Human Delver on Oct 4, 2023.
             Was a Follower of Ashenzari.
             Killed from afar by a steam dragon (20 damage)
             ... with a ball of steam
             ... on level 6 of the Dungeon.
             The game lasted 00:26:42 (6927 turns).

croobank the Sneak (Human Delver)                   Turns: 6927, Time: 00:26:42

Health: -2/63      AC:  7    Str: 13    XL:     8   Next: 65%
Magic:  8/8        EV: 18    Int: 13    God:    Ashenzari [*.....]
Gold:   216        SH:  0    Dex: 14    Spells: 4/7 levels left

rFire   . . .        e - +0 war axe (flame)
rCold   . . .        (no shield)
rNeg    . . .        b - +1 leather armour
rPois   .            (no helmet)
rElec   .            x - +0 cloak
rCorr   .            (no gloves)
SInv    .            i - +1 pair of boots of the Prophetic Empyrean {Fort, Range} (curse)
Will    .....        (no amulet)
Stlth   +++          f - ring of the Esoteric Gnosis {EV+5, Range, Fort} (curse)
HPRegen 0.30/turn    (no ring)
MPRegen 0.11/turn

%: no passive effects
@: no status effects
A: no striking features
a: Renounce Religion, Curse Item, Shatter the Chains


You were on level 6 of the Dungeon.
You worshipped Ashenzari.
Ashenzari was aware of your devotion.
You visited 2 branches of the dungeon, and saw 8 of its levels.

You collected 216 gold pieces.

Inventory:

Hand Weapons
 a - a +1 short sword
 e - a +0 war axe of flaming (weapon)
 h - a +2 short sword of holy wrath
 k - a +2 dagger of speed
 p - a +0 long sword
 s - a +1 short sword of distortion
 u - a +2 flail of holy wrath
 z - a +4 dagger
Armour
 b - a +1 leather armour (worn)
 i - the cursed +1 pair of boots of the Prophetic Empyrean (worn) {Fort, Range}
   (You found it on level 1 of the Dungeon)

   It has a curse which improves the following skills: Fortitude: Armour and
   Shields.
   Ranged Combat: Ranged Weapons and Throwing.
 o - a +1 buckler
 r - a scarf of invisibility
 x - a +0 cloak (worn)
Jewellery
 f - the cursed ring of the Esoteric Gnosis (left hand) {EV+5, Range, Fort}
   (You took it off a hobgoblin on level 4 of the Dungeon)

   [ring of evasion]

   EV+5:      It affects your evasion (+5).
   It has a curse which improves the following skills: Ranged Combat: Ranged
   Weapons and Throwing.
   Fortitude: Armour and Shields.
Wands
 g - a wand of digging (3)
 w - a wand of acid (6) (quivered)
 y - a wand of flame (13)
Scrolls
 c - a scroll of immolation
 d - 2 scrolls of revelation
 j - 6 scrolls of identify
 l - a scroll of noise
 n - a scroll of vulnerability
 q - a scroll of brand weapon
 v - a scroll of amnesia
Potions
 m - 2 potions of enlightenment
 t - a potion of curing


   Skills:
 + Level 5.4 Fighting
 + Level 4.9 Short Blades
 + Level 4.9 Dodging
 + Level 7.0 Stealth
 + Level 2.9(4.0) Shields


You had 4 spell levels left.
You knew the following spells:

 Your Spells              Type           Power      Damage    Failure   Level
a - Stone Arrow           Conj/Erth      0%         3d7       75%         3

Your spell library contained the following spells:

 Spells                   Type           Power      Damage    Failure   Level
 Necrotise                Necr           0%         1d4       36%         1
 Ensorcelled Hibernation  Hex/Ice        0%         N/A       52%         2
 Jinxbite                 Hex            0%         N/A       52%         2
 Vampiric Draining        Necr           0%         2d6       75%         3
 Anguish                  Hex/Necr       0%         N/A       98%         4
 Animate Armour           Summ/Erth      0%         N/A       98%         4
 Agony                    Necr           0%         N/A       100%        5
 Lehudib's Crystal Spear  Conj/Erth      0%         10d2      100%        8


Dungeon Overview and Level Annotations

Branches:
Dungeon (7/15)             Temple (1/1) D:4

Altars:
Ashenzari
Cheibriados
Dithmenos
Elyvilon
Fedhas
Gozag
Hepliaklqana
Kikubaaqudgha
Makhleb
Nemelex Xobeh
Okawaru
Qazlal
Ru
Sif Muna
Trog
Uskayaw
Vehumet
Wu Jian
Xom
Yredelemnul
Zin
The Shining One

Shops:
D:4 *   D:6 (

Annotations:
D:5 2 transporters, 1 runed translucent door, hattop's ghost, novice DrSh


Message History

The howler monkey is engulfed in a cloud of scalding steam.
There is a stone staircase leading up here.
The howler monkey is engulfed in a cloud of scalding steam.
The howler monkey dies!
A sky beast appears from thin air!
Reactivating autopickup.
The sky beast closely misses you.
The steam dragon bites you but does no damage.
The steam dragon misses you.
You climb upwards.
There is a stone staircase leading down here.
Okay, then.
Okay, then.
You closely miss the steam dragon.
The steam dragon is severely wounded.
You hit the sky beast. You burn the sky beast. The sky beast hits you.
The sky beast shocks you.
* * * LOW HITPOINT WARNING * * *
The steam dragon bites you but does no damage.
The steam dragon misses you. The sky beast completely misses you.
The steam dragon completely misses you. The steam dragon closely misses you.
You barely miss the steam dragon.
The steam dragon is severely wounded.
You closely miss the sky beast. The sky beast closely misses you.
The steam dragon misses you. The steam dragon completely misses you.
You hit the steam dragon. You burn the steam dragon.
The steam dragon is almost dead.
You miss the sky beast. The sky beast misses you.
The steam dragon closely misses you. x2; The sky beast flickers out of sight!
Deactivating autopickup; reactivate with Ctrl-A.
Something hits you but does no damage. The steam dragon bites you.
* * * LOW HITPOINT WARNING * * *
The steam dragon misses you.
You hit the steam dragon but do no damage.
You punch the steam dragon.
The steam dragon is almost dead.
You miss something. Something closely misses you.
The steam dragon breathes steam at you. The ball of steam hits you!!
You die...

#.[..........^.#.......
#.############.########
#.#<...................
#####.##########...#######.
#.....# #...# #. #.....#####
#...# ## #.........# #...# #.
#######)........## #...# ###.
................@#####...# #...
##########.....{D........#####.##
#...................#.#.
################.#####..####.#.#.
#........# #....[..........#.#.
'........# #.#.#############.#.
#........# #...............†...
..#...###### #...#############.#.
#.#.....≈≈≈###...# #.#.


You could see a steam dragon (catching breath).

Vanquished Creatures
  A black bear (D:6)
  2 bullfrogs
  5 scorpions
  3 hounds (D:4)
  A jelly (D:6)
  An orc priest (D:4)
  2 sleepcaps (D:5)
  2 iguanas
  4 orc wizards
  4 adders
  7 gnolls
  3 shadow imps
  A white imp (D:6)
  4 worms
  A dart slug (D:1)
  19 orcs
  4 bats
  11 endoplasms
  3 giant cockroaches
  8 goblins
  12 hobgoblins
  14 kobolds
  3 quokkas
  4 ball pythons
  3 frilled lizards
  6 rats
128 creatures vanquished.

Vanquished Creatures (others)
  A bullfrog (D:7)
  A howler monkey (D:7)
  A white imp (D:7)
3 creatures vanquished.

Grand Total: 131 creatures vanquished

Notes
Turn   | Place    | Note
-------+----------+-------------------------------------------
     0 | D:5      | croobank the Human Delver began the quest for the Orb.
     0 | D:5      | Reached XP level 1. HP: 18/18 MP: 1/1
     0 | D:5      | Noticed an electric eel
     4 | D:5      | Noticed an electric eel
    12 | D:5      | Found a transporter.
    38 | D:5      | Reached XP level 2. HP: 23/24 MP: 2/2
   196 | D:6      | Noticed a scorpion
   212 | D:6      | Killed a scorpion
   213 | D:6      | Reached XP level 3. HP: 20/29 MP: 3/3
   213 | D:6      | Reached XP level 4. HP: 24/35 MP: 4/4
   271 | D:7      | Noticed a steam dragon
   304 | D:6      | Found Fodwag's Weapon Shop.
   351 | D:6      | Reached XP level 5. HP: 15/42 MP: 5/5
   358 | D:6      | HP: 2/42 [orc/+0 whip (2)]
   898 | D:4      | Reached XP level 6. HP: 43/48 MP: 6/6
  1242 | D:4      | Found a staircase to the Ecumenical Temple.
  1260 | Temple   | Entered the Ecumenical Temple
  1279 | Temple   | Became a worshipper of Ashenzari the Shackled
  1343 | D:4      | Found Uvoptanu's Lightly-Used Armoury.
  1637 | D:2      | Reached skill level 6 in Stealth
  1691 | D:2      | Learned a level 3 spell: Stone Arrow
  2672 | D:1      | Found a faded altar of an unknown god.
  3643 | D:3      | Reached XP level 7. HP: 55/55 MP: 7/7
  4344 | D:4      | Found a radiant altar of Vehumet.
  4344 | D:4      | Found a hide-covered altar of Uskayaw.
  4450 | D:4      | Found a bloodstained altar of Trog.
  4451 | D:4      | Found an ornate altar of the Wu Jian Council.
  4465 | D:4      | Found a white marble altar of Elyvilon.
  4470 | D:4      | Found a shimmering blue altar of Sif Muna.
  4476 | D:4      | Found a stormy altar of Qazlal.
  4593 | D:4      | Reached skill level 1 in Shields
  5247 | D:5      | Reached * piety under Ashenzari
  5350 | D:5      | Found a runed translucent door.
  5350 | D:5      | Noticed hattop's ghost (novice DrSh)
  5394 | D:5      | Reached XP level 8. HP: 23/61 MP: 8/8
  5676 | D:5      | Reached skill level 5 in Fighting
  6638 | D:7      | Found the Hermit's Pendant {Faith Invo=14 Evo=0 MP+5}
  6786 | D:6      | Reached skill level 7 in Stealth
  6927 | D:6      | Killed from afar by a steam dragon

Illustrated notes

Levels and vault maps discovered:
D:1:      dpeg_arrival_fog, layout_basic, hellmonk_ecumenical_altar_zigzags,
          chequers_serial_rivers_micro_c
D:2:      layout_loops_cross
D:3:      layout_rooms
D:4:      layout_loops_ring, grunt_temple_overflow_octagram,
          minmay_temple_entry_trees, minmay_shop_damaged,
          nicolae_nh_ransacked_shop
D:5:      gammafunk_steamed_eel, layout_basic, gammafunk_ghost_grave
D:6:      corexii_shack_village, layout_basic, serial_shops,
          nicolae_shop_waterfront
D:7:      layout_rooms
Temple:   hellmonk_temple_of_storms

Skill      XL: |  1  2  3  4  5  6  7  8 |
---------------+-------------------------+-----
Short Blades   | 3 4 |  4.9
Dodging        | 3 4 |  4.9
Fighting       | 4 5 |  5.4
Stealth        | 6 7 |  7.0
Shields        | 2 |  2.9

Action                     |  1- 3 |  4- 6 |  7- 9 || total
---------------------------+-------+-------+-------++-------
  Melee: Short sword       |    24 |   311 |   130 ||   465
         Punch             |       |     4 |     4 ||     8
         War axe           |       |       |   102 ||   102
  Throw: Throwing net      |       |       |     1 ||     1
   Cast: Stone Arrow       |       |       |     1 ||     1
 Invoke: Curse Item        |       |       |     2 ||     2
  Evoke: Wand              |       |       |     3 ||     3
    Use: Potion            |     1 |     1 |     6 ||     8
         Scroll            |       |    11 |     3 ||    14
   Stab: Sleeping          |       |    26 |    11 ||    37
         Distracted        |       |       |     1 ||     1
         Held in net/web   |       |       |     1 ||     1
 Armour: Leather armour    |     4 |   123 |   134 ||   261
         Skin              |       |       |    50 ||    50
  Dodge: Dodged            |    17 |   133 |   257 ||   407

Table legend: (Time is in decaauts)
 A = Elapsed time spent in this place.
 B = Non-inter-level travel time spent in this place.
 C = Inter-level travel time spent in this place.
 D = Time resting spent in this place.
 E = Time spent auto-exploring this place.
 F = Levels seen in this place.
 G = Mean time per level.
                   A        B        C        D        E       F      G
               +--------+--------+--------+--------+--------+-----+--------+
         Total |   6881 |   6549 |    332 |   1227 |   3677 |   8 |  860.1 |
       Dungeon |   6846 |   6543 |    303 |   1223 |   3677 |   7 |  978.0 |
        Temple |     34 |      5 |     29 |      4 |      0 |   1 |   34.0 |
               +--------+--------+--------+--------+--------+-----+--------+

Top non-repeatable levels by time:
     D:6: 1579 daAuts
     D:4: 1493 daAuts
     D:5: 1226 daAuts
     D:1: 1201 daAuts
     D:2: 805 daAuts
     D:3: 435 daAuts
     D:7: 105 daAuts
  Temple: 34 daAuts
